 Dungeon Crawl Stone Soup version 0.20-a0-540-ge6d1839 (webtiles) character file.

92 Minion the Bolt Thrower (level 4, 0/26 HPs)
             Began as a Kobold Hunter on Jan 30, 2017.
             Was a Believer of Vehumet.
             Slain by an ice beast (3 damage)
             ... on level 4 of the Dungeon.
             The game lasted 00:10:45 (3824 turns).

Minion the Bolt Thrower (Kobold Hunter)             Turns: 3824, Time: 00:10:45

Health: 0/26       AC:  5    Str:  9    XL:     4   Next: 90%
Magic:  3/5        EV: 15    Int: 12    God:    Vehumet [**....]
Gold:   137        SH:  0    Dex: 16    Spells: 3/5 levels left

rFire    . . .     SeeInvis .   a - +1 hand crossbow
rCold    . . .     Gourm    .   c - +0 leather armour
rNeg     . . .     Faith    .   (shield restricted)
rPois    .         Spirit   .   (no helmet)
rElec    .         Reflect  .   r - +0 cloak
rCorr    .         Harm     .   u - +0 pair of gloves
MR       .....                  (no boots)
Stlth    ++........             (no amulet)
Regen    0.1/turn               (no ring)
                                t - ring of wizardry

@: no status effects
A: carnivore 3
a: Renounce Religion


You were on level 4 of the Dungeon.
You worshipped Vehumet.
Vehumet was pleased with you.
You were very full.

You visited 1 branch of the dungeon, and saw 4 of its levels.

You collected 137 gold pieces.

Inventory:

Hand Weapons
 a - a +1 hand crossbow (weapon)
 i - a +0 dagger of speed
Missiles
 d - 32 bolts (quivered)
Armour
 c - a +0 leather armour (worn)
 r - a +0 cloak (worn)
 u - a +0 pair of gloves (worn)
Jewellery
 t - a ring of wizardry (left hand)
Scrolls
 b - 4 scrolls of remove curse {unknown}
 e - 3 scrolls of fog {unknown}
 h - 2 scrolls of teleportation {unknown}
 j - 2 scrolls of amnesia {unknown}
 p - 3 scrolls of fear {unknown}
 q - 2 scrolls of noise {unknown}
 s - a scroll of recharging {unknown}
Potions
 g - a potion of lignification {unknown}
 k - 2 potions of heal wounds {unknown}
 l - a potion of agility
 m - a potion of haste {unknown}
 o - a potion of curing {unknown}
Comestibles
 f - 6 meat rations
 n - a royal jelly


   Skills:
 - Level 2.1 Fighting
 - Level 2.7 Short Blades
 + Level 5.8 Crossbows
 + Level 3.2 Dodging
 - Level 1.3 Stealth
 - Level 1.2 Spellcasting
 + Level 0.0 Conjurations


You had 3 spell levels left.
You knew the following spells:

 Your Spells              Type           Power        Failure   Level  Hunger
a - Magic Dart            Conj           #...         21%         1    ##.....
b - Sting                 Conj/Pois      #...         21%         1    ##.....


Dungeon Overview and Level Annotations

Branches:
Dungeon (4/15)
 Temple: D:4-7

Altars:
Dithmenos
Vehumet


Innate Abilities, Weirdness & Mutations

You are small and have problems with some larger weapons.
You are carnivorous and can eat meat at any time.


Message History

Firing (i - inventory):
d - 34 bolts (quivered)
Press: ? - help, Shift-Dir - straight line, f/p - ice beast
Aim: an ice beast You shoot a bolt.
The bolt hits the ice beast!
The ice beast is moderately wounded.
The ice beast barely misses you.
Firing (i - inventory):
d - 33 bolts (quivered)
Press: ? - help, Shift-Dir - straight line, f/p - ice beast
Aim: an ice beast (moderately wounded)
You shoot a bolt. The bolt closely misses the ice beast.
The ice beast hits you. The ice beast freezes you! The ice beast hits you.
The ice beast freezes you!
* * * LOW HITPOINT WARNING * * *
Casting: Sting
Confirm with . or Enter, or press ? or * to list all spells.
Aiming: Sting
Press: ? - help, Shift-Dir - straight line, f/p - ice beast
Aim: an ice beast (moderately wounded)
The sting misses the ice beast.
The ice beast hits you.
You die...

## .#
########.##..#
(....(Y@....^#
#...####?....#
# ######


You could see an ice beast.

Vanquished Creatures
  2 adders
  An ooze (D:3)
  A worm (D:3)
  A dart slug (D:3)
  A leopard gecko (D:3)
  A ball python (D:3)
  A giant cockroach (D:3)
  7 goblins
  6 hobgoblins
  10 jackals (D:3)
  2 quokkas (D:2)
  8 bats
  3 frilled lizards
  9 kobolds
  7 rats
60 creatures vanquished.

Vanquished Creatures (others)
  A giant cockroach (D:3)
  A hobgoblin (D:3)
2 creatures vanquished.

Grand Total: 62 creatures vanquished

Notes
Turn   | Place    | Note
-------+----------+-------------------------------------------
     0 | D:1      | Minion the Kobold Hunter began the quest for the Orb.
     0 | D:1      | Reached XP level 1. HP: 12/12 MP: 1/1
    56 | D:1      | Reached skill level 1 in Short Blades
   267 | D:1      | Reached skill level 5 in Crossbows
   383 | D:1      | Reached XP level 2. HP: 17/17 MP: 2/2
  1203 | D:2      | Reached XP level 3. HP: 16/21 MP: 3/3
  1615 | D:2      | Found a faded altar of an unknown god.
  1638 | D:2      | Became a worshipper of Vehumet
  1638 | D:2      | Reached * piety under Vehumet
  1638 | D:2      | Offered knowledge of Magic Dart by Vehumet.
  1641 | D:2      | Learned a level 1 spell: Magic Dart
  2344 | D:2      | Found a shadowy altar of Dithmenos.
  2555 | D:3      | Reached XP level 4. HP: 26/26 MP: 4/4
  2672 | D:3      | HP: 1/26 [worm (1)]
  3022 | D:3      | Found a radiant altar of Vehumet.
  3275 | D:3      | Reached skill level 1 in Spellcasting
  3449 | D:3      | Reached ** piety under Vehumet
  3491 | D:3      | Offered knowledge of Sting by Vehumet.
  3494 | D:3      | Learned a level 1 spell: Sting
  3818 | D:4      | Noticed an ice beast
  3824 | D:4      | Slain by an ice beast

Vault maps used:
D:1:      minmay_arrival_split_and_join
D:2:      grunt_dithmenos_smoke_and_mirrors, chequers_ecumenical_altar_simple,
          minmay_misc_feat_columns, minmay_misc_feat_alley,
          minmay_misc_feat_doors
D:3:      fiery_altar_vehumet
D:4:      minitemple, first_bread, uniq_menkaure, uniq_eustachio,
          uniq_crazy_yiuf_cottage

Skill      XL: |  1  2  3  4 |
---------------+-------------+-----
Short Blades   | 1 2 |  2.7
Crossbows      | 5 |  5.8
Spellcasting   | 1 |  1.2
Dodging        | 3 |  3.2
Fighting       | |  2.1
Stealth        | |  1.3

Action                   |  1- 3 |  4- 6 || total
-------------------------+-------+-------++-------
Melee: Dagger            |   205 |    91 ||   296
       Short sword       |    14 |       ||    14
 Fire: Hand crossbow     |       |    18 ||    18
 Cast: Magic Dart        |     5 |     9 ||    14
       Sting             |       |     3 ||     3
 Stab: Sleeping          |     2 |       ||     2
  Eat: Chunk             |    11 |     6 ||    17
Armor: Leather armour    |    33 |    12 ||    45
Dodge: Dodged            |   160 |    49 ||   209
